 Dungeon Crawl Stone Soup version 0.31-a0-188-g5e087ee2ca (webtiles) character file.

Game seed: 5690836681382925356

113 qw the Skirmisher (level 4, -2/25 HPs)
             Began as a Deep Elf Hunter on June 23, 2023.
             Slain by Jessica
             ... wielding a +0 club
              (3 damage)
             ... on level 3 of the Dungeon.
             The game lasted 00:00:37 (1794 turns).

qw the Skirmisher (Deep Elf Hunter)                 Turns: 1794, Time: 00:00:38

Health: -2/25      AC:  4    Str: 10    XL:     4   Next: 65%
Magic:  6/6        EV: 12    Int: 14    God:
Gold:   165        SH:  0    Dex: 18    Spells: 3/3 levels left

rFire   . . .        Y - +0 orcbow
rCold   . . .        (shield currently unavailable)
rNeg    . . .        c - +0 leather armour
rPois   .            e - +0 helmet
rElec   .            (no cloak)
rCorr   .            (no gloves)
SInv    .            (no boots)
Will    .....        (no amulet)
Stlth   ++           (no ring)
HPRegen 0.24/turn    (no ring)
MPRegen 0.10/turn

%: no passive effects
@: slowed, very slow
A: no striking features
a: no special abilities


You were on level 3 of the Dungeon.
You visited 1 branch of the dungeon, and saw 3 of its levels.

You collected 165 gold pieces.


   Skills:
 - Level 1.5 Fighting
 + Level 8.1 Ranged Weapons
 - Level 2.4 Dodging
 - Level 1.2 Stealth


You had 3 spell levels left.
You didn't know any spells.
Your spell library was empty.

Inventory:

Hand Weapons
 Y - a +0 orcbow (weapon)
Armour
 b - a +0 pair of gloves
 c - a +0 leather armour (worn)
 e - a +0 helmet (worn)
Jewellery
 f - a ring of fire
Scrolls
 a - a scroll of identify
Potions
 d - a potion of haste
 g - a potion of curing {unknown}
 h - a potion of magic {unknown}
 i - a potion of resistance {unknown}
 j - a potion of invisibility {unknown}
 k - a potion of cancellation {unknown}
 l - a potion of heal wounds {unknown}

Dungeon Overview and Level Annotations

Branches:
Dungeon (3/15)

Altars:

Annotations:
D:3 Jessica


Message History

A worm comes into view.
Enter note:
Enter note: You shoot an arrow.
The arrow closely misses the kobold.
Jessica shouts!
An endoplasm comes into view.
You shoot an arrow. The arrow closely misses the kobold.
You shoot an arrow. The arrow barely misses the kobold.
You shoot an arrow. The arrow barely misses the kobold.
Jessica gestures wildly while chanting.
Jessica blinks!
You shoot an arrow. The arrow hits the kobold.
The kobold is moderately wounded.
The kobold hits you with a +0 short sword.
You shoot an arrow. The arrow closely misses the kobold.
The kobold misses you.
You shoot an arrow. The arrow hits the kobold!
You kill the kobold!
The endoplasm completely misses you.
You shoot an arrow. The arrow hits the endoplasm.
The endoplasm is heavily wounded.
The endoplasm freezes you.
You are frozen.
You shoot an arrow. The arrow hits the endoplasm!
You kill the endoplasm!
Jessica looks very angry.
Jessica points at you and mumbles some strange words.
Pain shoots through your body!
Ouch! That really hurt!
You shoot an arrow. The arrow hits the worm!
The worm is severely wounded.
Jessica grins evilly.
Jessica points at you and mumbles some strange words.
You feel yourself slow down. The worm misses you.
You shoot an arrow. The arrow barely misses the worm.
Jessica hits you with a +0 club. The worm bites you!
You shoot an arrow. The arrow hits the worm.
The worm is severely wounded.
Jessica hits you with a +0 club.
You die...

.# .#
..............#
.#
................
##
................
#
................
#
...............#
######
.............
.....####
#...@w..#
####....#
#...@.# ####.###
##...##
#...#####.##
###.......#
#########


You could see a worm and Jessica.

Vanquished Creatures
  6 adders (D:2)
  2 worms (D:2)
  2 dart slugs
  4 bats
  4 endoplasms
  2 giant cockroaches
  2 goblins
  7 hobgoblins
  3 jackals (D:1)
  5 kobolds
  4 quokkas
  A ball python (D:2)
  A frilled lizard (D:1)
  4 rats (D:2)
47 creatures vanquished.

Notes
Turn   | Place    | Note
-------+----------+-------------------------------------------
     0 | D:1      | qw the Deep Elf Hunter began the quest for the Orb.
     0 | D:1      | Reached XP level 1. HP: 12/12 MP: 3/3
     0 | D:1      | 0 ||| qw: Version: 0.3-a-9-g12657ce
     0 | D:1      | 0 ||| qw: Game counter: 3956
     0 | D:1      | 0 ||| qw: Always use a shield: true
     0 | D:1      | 0 ||| qw: God list: Okawaru
     0 | D:1      | 0 ||| qw: Allow faded altars: false
     0 | D:1      | 0 ||| qw: Do Orc after D:15 true
     0 | D:1      | 0 ||| qw: Do second Lair branch before Depths: true
     0 | D:1      | 0 ||| qw: Lair rune preference: random
     0 | D:1      | 0 ||| qw: Plans: Normal
     0 | D:1      | 0 ||| PLANNING D:1-11
   326 | D:1      | Reached skill level 6 in Ranged Weapons
   326 | D:1      | Reached XP level 2. HP: 16/16 MP: 4/4
   595 | D:1      | 595 ||| UPGRADING to +0 helmet.
   600 | D:1      | 600 ||| DROPPING amulet of magic regeneration.
   601 | D:1      | 601 ||| READING scroll labelled VIUTSALARIM.
   632 | D:1      | 632 ||| DROPPING scroll of butterflies.
   694 | D:2      | Reached XP level 3. HP: 10/20 MP: 5/5
   747 | D:2      | 747 ||| SWAPPING to +0 orcbow.
   748 | D:2      | 748 ||| DROPPING +0 shortbow.
   805 | D:2      | Reached skill level 7 in Ranged Weapons
   806 | D:2      | HP: 5/20 [poisoned by an adder]
  1175 | D:2      | Reached XP level 4. HP: 25/25 MP: 6/6
  1558 | D:2      | 1558 ||| READING 2 scrolls labelled QUGAOG FAUFA.
  1559 | D:2      | 1559 ||| DRINKING 2 fizzy grey potions.
  1668 | D:3      | Reached skill level 8 in Ranged Weapons
  1782 | D:3      | Noticed Jessica
  1793 | D:3      | HP: 1/25 [worm (7)]
  1794 | D:3      | Slain by Jessica

Levels and vault maps discovered:
D:1:      tarquinn_simple_flora_water_f, layout_basic
D:2:      layout_basic, st_stairs_9
D:3:      layout_basic, mainiacjoe_overflow_swirl, nicolae_figureground_pulse,
          uniq_jessica

Skill      XL: |  1  2  3  4 |
---------------+-------------+-----
Ranged Weapons | 6 7 8 |  8.1
Fighting       | |  1.5
Dodging        | |  2.4
Stealth        | |  1.2

Action                     |  1- 3 |  4- 6 || total
---------------------------+-------+-------++-------
   Fire: Shortbow          |    39 |       ||    39
         Orcbow            |    32 |    65 ||    97
    Use: Scroll            |     1 |     1 ||     2
         Potion            |       |     1 ||     1
 Armour: Leather armour    |     7 |     5 ||    12
  Dodge: Dodged            |    19 |     9 ||    28

Table legend:
 A = Non-vault XP
 B = Vault XP
 C = Vault XP percentage of total XP
 D = Non-vault monster count
 E = Vault monster count
 F = Vault count percentage of total count
                 A         B        C        D         E       F
            +---------+---------+-------+---------+---------+-------
      Total |     147 |      15 |   9.3 |      44 |       3 |   6.4
            +---------+---------+-------+---------+---------+-------
        D:1 |      17 |       0 |   0.0 |       8 |       0 |   0.0
        D:2 |     110 |      15 |  12.0 |      25 |       3 |  10.7
        D:3 |      20 |       0 |   0.0 |      11 |       0 |   0.0
            +---------+---------+-------+---------+---------+-------
